Map: Hardwire LE

Players

jamestkirk - Winner!

  • Race: Terran Terran
  • League: Gold
  • Spawn Location: 7:00

TommySquad

  • Race: Terran Terran
  • League: Platinum
  • Spawn Location: 1:00

VOD

Have the link to the VOD?

Description

Time

  • Played on: Nov. 7, 2021, 5:33 p.m.
  • Length: 19:11
Show
View Real Time Build Order
Export as new Build Order

jamestkirk Terran - Winner!

Build Orders:  

Get SALT Encoding   

  12  0:00  SCV  
  13  0:12  SCV  
  14  0:18  Supply Depot  
  14  0:25  SCV  
  15  0:39  SCV  
  15  0:41  Barracks  
  16  0:45  Refinery  
  16  0:51  SCV  
  17  1:04  SCV  
  18  1:16  SCV  
  20  1:33  Marine  
  20  1:35  Orbital Command  
  20  1:48  Command Center  
  20  1:50  Marine  
  21  1:59  Supply Depot  
  21  2:04  SCV  
  22  2:10  Factory  
  22  2:16  SCV  
  23  2:28  SCV  
  24  2:31  Barracks Reactor  
  24  2:41  SCV  
  25  2:50  Refinery  
  25  2:53  SCV  
  25  2:55  Factory Tech Lab  
  25  2:56  Barracks  
  25  3:15  Siege Tank  
  25  3:18  Marine x2  
  25  3:19  Bunker, SCV  
  31  3:21  Orbital Command  
  31  3:32  SCV  
  32  3:35  Supply Depot  
  32  3:40  Marine x2  
  34  3:44  SCV  
  34  3:46  SCV  
  36  3:52  Starport  
  36  3:53  Barracks Tech Lab  
  36  3:56  SCV  
  36  3:58  SCV  
  36  4:00  Marine  
  39  4:08  SCV  
  40  4:11  Siege Tank  
  43  4:18  Marine x2  
  43  4:19  Marine  
  46  4:27  SCV x2  
  46  4:28  Bunker  
  48  4:31  Starport Reactor  
  48  4:39  SCV x2  
  50  4:51  SCV x2  
  52  4:56  Marine  
  52  4:57  Marine  
  54  5:08  Supply Depot  
  54  5:30  SCV x2, Marine, Medivac  
  54  5:31  Marine  
  54  5:32  Command Center, Marine  
  61  5:40  Siege Tank  
  61  5:42  SCV, Supply Depot  
  65  5:44  Supply Depot  
  65  5:45  Supply Depot x2  
  65  5:48  Marine  
  66  5:51  Refinery  
  66  5:52  Refinery  
  66  5:53  SCV  
  66  5:54  SCV  
  66  5:55  Command Center  
  68  6:00  Marine  
  68  6:01  Marine  
  70  6:05  SCV, Marine  
  70  6:06  SCV  
  73  6:15  Medivac x2  
  73  6:17  SCV  
  78  6:18  SCV  
  79  6:29  SCV  
  79  6:30  Engineering Bay, SCV  
  81  6:33  Engineering Bay  
  81  6:34  Marine x3  
  84  6:41  SCV  
  84  6:43  SCV  
  86  6:52  Marine x2  
  86  6:53  SCV  
  89  6:55  SCV  
  89  6:57  Stimpack  
  89  7:01  Terran Infantry Weapons Level 1, Terran Infantry Armor Level 1  
  90  7:05  SCV, Orbital Command  
  91  7:14  Missile Turret  
  91  7:17  Missile Turret  
  91  7:20  Marine x2  
  91  7:21  Marine  
  91  7:22  Missile Turret  
  94  7:24  Medivac x2  
  98  7:35  SCV x2  
  98  7:37  Armory  
  100  7:38  Marine x3  
  100  7:40  Orbital Command  
  103  7:44  Barracks  
  103  7:47  SCV, Barracks  
  103  7:48  Barracks  
  103  7:50  Barracks  
  104  8:04  Command Center  
  104  8:10  Planetary Fortress  
  104  8:11  Missile Turret  
  104  8:13  SCV x2  
  106  8:25  SCV  
  106  8:26  SCV  
  108  8:37  Siege Tank  
  108  8:40  Missile Turret  
  111  8:44  SCV  
  111  8:45  SCV  
  111  8:47  SCV  
  114  8:57  SCV x2  
  114  8:58  Terran Infantry Weapons Level 2  
  114  8:59  Terran Infantry Armor Level 2  
  114  9:01  Combat Shield  
  116  9:03  Marine  
  116  9:09  Marine x2  
  119  9:12  Command Center  
  119  9:13  Supply Depot  
  119  9:14  Supply Depot  
  119  9:16  Supply Depot  
  119  9:17  Supply Depot  
  119  9:31  Command Center  
  119  9:32  SCV  
  119  9:33  SCV x2  
  122  9:45  SCV  
  116  10:11  Orbital Command  
  116  10:13  SCV x3  
  119  10:20  Marine  
  126  10:25  SCV x3  
  123  10:28  Barracks Reactor  
  123  10:29  Barracks Reactor  
  123  10:30  Barracks Reactor  
  123  10:37  SCV  
  123  10:38  Marine  
  125  10:45  Marine x2  
  125  10:48  Thor  
  133  10:51  Medivac  
  133  10:52  Medivac  
  133  10:56  Marine  
  138  11:02  Refinery  
  138  11:03  Marine x2  
  140  11:04  Refinery  
  140  11:05  Barracks Reactor  
  140  11:12  Marine x6  
  140  11:14  Marine  
  140  11:17  Terran Infantry Weapons Level 3  
  147  11:18  Terran Vehicle Weapons Level 1  
  147  11:21  Marine x2  
  148  11:30  Marine  
  149  11:33  SCV  
  149  11:34  SCV x3  
  149  11:36  Command Center  
  153  11:40  Terran Infantry Armor Level 3  
  153  11:45  SCV  
  153  11:46  SCV x2  
  157  11:47  Missile Turret  
  157  11:49  Missile Turret  
  150  11:58  Marine x8  
  150  11:59  Marine x3  
  150  12:01  Thor  
  167  12:16  Marine x3  
  170  12:30  Command Center  
  170  12:35  SCV x3  
  173  12:38  Marine x5  
  173  12:39  Marine x2  
  173  12:40  Command Center  
  180  12:47  SCV x3, Marine x4  
  180  12:48  Missile Turret, Widow Mine  
  180  12:50  Missile Turret  
  189  12:55  Medivac  
  189  12:56  Marine x6, Medivac  
  199  12:59  SCV  
  200  13:13  Missile Turret  
  200  13:40  Command Center  
  197  14:24  Barracks x2  
  197  14:29  Missile Turret, Barracks  
  197  14:31  Barracks  
  197  14:38  Barracks  
  183  14:52  Marine x4  
  163  14:53  Marine x7  
  157  15:01  Medivac x2  
  157  15:04  Thor  
  161  15:10  Marine x8  
  161  15:11  Marine x3  
  169  15:28  Marine x4  
  160  15:47  Marine x11  
  160  15:49  Thor  
  174  15:51  Medivac x2  
  178  16:04  Marine  
  178  16:05  Marine x2  
  181  16:23  Planetary Fortress  
  181  16:31  Neosteel Armor  
  181  16:32  Hi-Sec Auto Tracking  
  157  16:55  Marine x11  
  157  16:57  Thor  
  173  17:13  Marine x2  
  149  17:37  Marine  
  149  17:38  Marine x7  
  149  17:39  Marine x3  
  149  17:41  Medivac x2  
  153  18:00  Orbital Command, Marine x3  
  153  18:01  Marine x8  
  153  18:02  Thor  
  159  18:14  SCV x2  
  159  18:15  SCV  
  159  18:18  Marine  
  156  18:23  Marine x10  
  156  18:26  SCV x2  
  156  18:27  SCV  
  163  18:36  Marine  
  163  18:38  SCV  
  163  18:39  SCV x2  
  163  18:40  Barracks Tech Lab, Barracks Reactor  
  163  18:41  Marine x10  
  173  18:50  SCV, Barracks Reactor  
Show
View Real Time Build Order
Export as new Build Order

TommySquad Terran 

Build Orders:  

Get SALT Encoding   

  12  0:01  SCV  
  13  0:13  SCV  
  14  0:19  Supply Depot  
  14  0:26  SCV  
  15  0:41  SCV  
  15  0:42  Barracks  
  16  0:53  SCV  
  17  1:04  Refinery  
  17  1:06  SCV  
  18  1:20  SCV  
  19  1:32  Orbital Command  
  19  1:37  Command Center  
  19  1:40  Marine  
  20  1:58  SCV, Marine  
  22  2:13  SCV  
  23  2:22  Supply Depot  
  23  2:38  Refinery  
  23  2:43  Marine  
  23  2:44  SCV  
  25  2:51  Orbital Command, Barracks  
  25  2:52  Barracks  
  25  2:53  Barracks  
  25  2:56  SCV  
  26  3:05  Marine  
  27  3:07  Orbital Command  
  27  3:13  Engineering Bay  
  27  3:15  Engineering Bay  
  27  3:23  Marine  
  28  3:32  SCV  
  29  3:34  SCV  
  29  3:38  Barracks Tech Lab  
  29  3:40  Barracks Reactor  
  30  3:42  Barracks Tech Lab, Barracks Reactor  
  30  3:44  SCV  
  30  3:45  Factory  
  30  3:46  SCV  
  32  3:55  Terran Infantry Weapons Level 1  
  32  3:56  SCV  
  32  3:58  SCV  
  34  4:07  Refinery  
  34  4:08  SCV, Refinery  
  35  4:10  SCV  
  35  4:15  Stimpack  
  35  4:16  Marine x3  
  35  4:17  Marine  
  39  4:21  Marine x2  
  39  4:23  SCV x2  
  44  4:28  Supply Depot  
  44  4:34  Marine  
  44  4:35  Factory Reactor  
  45  4:42  Starport  
  45  4:43  SCV x2  
  47  4:53  Terran Infantry Armor Level 1  
  47  4:55  SCV, Supply Depot  
  47  4:56  SCV, Marine x5  
  47  4:57  Marine  
  55  5:07  SCV  
  55  5:10  Combat Shield  
  56  5:33  Command Center  
  56  5:34  Marine x5  
  62  5:42  SCV  
  62  5:43  Armory, SCV  
  62  5:46  Marine  
  64  5:51  Marine  
  64  5:52  Marine x2  
  64  5:55  Concussive Shells  
  64  5:56  SCV x2, Supply Depot  
  69  6:17  Marine x3  
  69  6:18  Marine x3  
  74  6:19  Medivac  
  74  6:22  Supply Depot  
  77  6:27  Medivac  
  77  6:28  Factory Tech Lab  
  79  6:38  SCV x2  
  81  6:44  Marine x2, Marauder x2  
  87  6:47  Orbital Command  
  87  6:51  Medivac  
  89  6:57  Medivac  
  91  7:04  Marine x2  
  91  7:05  Marine, Marauder  
  91  7:06  Terran Infantry Weapons Level 2  
  96  7:10  Terran Infantry Armor Level 2  
  96  7:19  Orbital Command  
  96  7:27  Refinery x2  
  96  7:34  Medivac x2  
  96  7:35  Marine x2  
  96  7:36  Marine x4  
  106  7:50  Siege Tank  
  109  7:57  Supply Depot  
  109  8:00  Supply Depot  
  109  8:18  SCV x2, Marine x2  
  109  8:19  Marauder x2  
  117  8:21  Marine  
  118  8:30  SCV  
  119  8:38  Marine x3  
  119  8:39  Medivac  
  124  8:43  SCV  
  125  8:50  SCV x2, Supply Depot, Medivac  
  125  8:51  Marauder x2  
  125  8:52  Terran Vehicle And Ship Armor Level 1  
  125  8:55  SCV  
  134  9:03  SCV x2  
  136  9:12  Marine x3, Marauder x2  
  136  9:14  Supply Depot  
  143  9:30  SCV x2  
  143  9:31  SCV  
  146  9:42  SCV x2  
  146  9:43  SCV  
  127  10:07  Marine x4, Marauder x2  
  125  10:10  Medivac x2  
  125  10:12  Siege Tank  
  136  10:14  SCV x3  
  136  10:20  Terran Infantry Weapons Level 3  
  136  10:21  Terran Infantry Armor Level 3  
  139  10:24  Marine  
  139  10:25  Marine x2  
  139  10:26  Command Center, SCV x3, Supply Depot x2  
  139  10:28  Marauder x2  
  149  10:38  SCV x2  
  151  10:44  Siege Tank, Refinery  
  154  11:07  Marine, Marauder x2, Refinery  
  154  11:08  Marine x3  
  162  11:25  Marine x2  
  162  11:26  Marine x2  
  162  11:29  Marauder x2  
  170  11:38  Barracks  
  170  11:39  Barracks  
  170  11:41  Barracks  
  170  11:43  Marine x2  
  170  11:45  Barracks  
  168  11:50  Marauder x2  
  172  12:04  Planetary Fortress  
  172  12:06  SCV x3  
  175  12:11  Marauder  
  175  12:12  Marauder  
  175  12:13  Marine x3  
  175  12:14  Marine  
  183  12:18  SCV x2  
  185  12:26  Terran Vehicle And Ship Armor Level 2  
  185  12:28  Siege Tank  
  188  12:31  Marine  
  188  12:33  Marauder x2  
  193  13:08  Marine, Marauder  
  196  13:14  Supply Depot  
  196  13:35  Marine x4  
  196  13:37  Command Center  
  200  14:40  Marauder  
  176  14:52  Refinery  
  148  15:01  Marauder  
  148  15:02  Marine x3, Marauder  
  148  15:03  Barracks Reactor  
  148  15:04  Barracks Reactor  
  148  15:05  Barracks Tech Lab, Barracks Reactor  
  109  15:17  Refinery  
  99  15:22  Marauder  
  99  15:23  Marauder  
  99  15:25  Marine x2, Marauder  
  99  15:26  Marine x2  
  97  15:40  Marine  
  97  15:41  Marine x4  
  97  15:42  Marine  
  101  15:43  Marine x3  
  101  15:44  Marauder x2  
  101  15:47  Marauder  
  101  15:49  SCV x3  
  103  15:53  Marine  
  104  15:58  Marine  
  104  15:59  Marine  
  104  16:01  SCV x2  
  104  16:02  SCV, Medivac x2  
  104  16:03  Siege Tank  
  116  16:05  Marauder  
  116  16:06  Marauder  
  116  16:08  Marauder  
  116  16:11  Marine x5  
  122  16:12  Marine x3  
  122  16:13  SCV  
  122  16:15  Marine  
  122  16:16  Marine  
  119  16:27  Marauder x2  
  119  16:29  Marine x6, Marauder  
  119  16:30  Marine x2  
  119  16:32  Medivac x2  
  133  16:33  Marine  
  133  16:34  Marine  
  133  16:35  Siege Tank  
  140  16:46  Marine  
  140  16:47  Marine x7  
  115  16:48  Marauder x2  
  115  16:51  Marine, Marauder  
  115  16:52  Marine  
  89  17:04  Marine x2  
  84  17:09  Marauder  
  84  17:10  Marauder  
  84  17:12  Marauder  
  84  17:13  Marine x2  
  84  17:14  Marine x4  
  71  17:16  Siege Tank  
  59  17:25  Marine x3  
  49  17:31  Marine x3, Marauder  
  49  17:33  Marine x2  
  49  17:34  Marauder  
  51  17:45  Marine  
  51  17:46  Marine x2  
  53  17:55  Marauder  
  53  17:58  Marine  
  38  18:16  Marauder  
  38  18:18  SCV  
  33  18:20  Marine x3  
  33  18:21  Marine x2  
  38  18:30  SCV  
  39  18:38  Command Center, Marauder  
  41  18:43  SCV  
  41  18:46  Marine x4  
  41  18:47  Marine x3  
  49  18:55  SCV  
Tags
 
Matchup
TvT
Race
Terran
Spawn Locations
Cross Positions
Add a new tag
Caveats
  • Supply blocks, unpowered buildings, or Contaminate may cause inaccurate times.
  • Supply counts are checked every 10 seconds.